 Dungeon Crawl Stone Soup version 0.23-a0-650-ga4d50d4 (webtiles) character file.

141 Lanoc the Slasher (level 5, -4/47 HPs)
             Began as a Minotaur Chaos Knight on Jan 6, 2019.
             Was a Plaything of Xom.
             Slain by an ogre
             ... wielding a cursed +0 giant club
              (7 damage)
             ... on level 4 of the Dungeon.
             The game lasted 00:01:54 (850 turns).

Lanoc the Slasher (Minotaur Chaos Knight)            Turns: 850, Time: 00:01:55

Health: -4/47      AC:  5    Str: 17    XL:     5   Next: 3%
Magic:  4/4        EV: 12    Int:  9    God:    Xom [....*.]
Gold:   54         SH:  0    Dex: 10    Spells: 4/4 levels left

rFire    . . .     SeeInvis .   a - +0 falchion (chaos)
rCold    . . .     Gourm    .   (no shield)
rNeg     . . .     Faith    .   b - +2 leather armour
rPois    .         Spirit   .   (helmet restricted)
rElec    .         Reflect  .   (no cloak)
rCorr    .         Harm     .   (no gloves)
MR       .....                  (no boots)
Stlth    +.........             (no amulet)
HPRegen  0.15/turn              (no ring)
MPRegen  0.09/turn              (no ring)

@: no status effects
A: retaliatory headbutt, horns 2
a: Renounce Religion


You were on level 4 of the Dungeon.
You worshipped Xom.
You were a beloved toy of Xom.
You were not hungry.

You visited 1 branch of the dungeon, and saw 4 of its levels.

You collected 54 gold pieces.

Inventory:

Hand Weapons
 a - a +0 falchion of chaos (weapon)
Armour
 b - a +2 leather armour (worn)
Scrolls
 e - 3 scrolls of identify {unknown}
 f - a scroll of immolation {unknown}
 h - a scroll of enchant armour {unknown}
Potions
 d - a potion of mutation {unknown}
 g - 2 potions of flight {unknown}
 i - a potion of resistance {unknown}
 k - a potion of lignification {unknown}
Comestibles
 c - 2 rations
 j - a chunk of flesh


   Skills:
 + Level 4.4 Fighting
 * Level 5.2 Long Blades
 + Level 3.5 Armour
 + Level 2.5 Dodging


You had 4 spell levels left.
You didn't know any spells.
Your spell library was empty.

Dungeon Overview and Level Annotations

Branches:
Dungeon (4/15)
 Temple: D:4-7

Altars:
Okawaru
Zin


Innate Abilities, Weirdness & Mutations

You reflexively headbutt those who attack you in melee.
You have a pair of horns on your head.


Message History

* * * LOW HITPOINT WARNING * * *
You are too injured to fight recklessly!
The ogre barely misses your butterfly.
Your butterfly disappears in a puff of smoke!
You hit the ogre. You freeze the ogre.
The ogre is heavily wounded.
The ogre hits you with a cursed +0 giant club!
* * * LOW HITPOINT WARNING * * *
You barely miss the ogre. Your headbutt misses the ogre.
The ogre is heavily wounded.
Your butterfly disappears in a puff of smoke!
You closely miss the ogre.
The ogre is heavily wounded.
The ogre barely misses you.
You hit the ogre but do no damage.
A fistful of eyes flickers past your view.
The ogre is heavily wounded.
The ogre hits you with a cursed +0 giant club!
You die...
Xom giggles madly!

###### ## ##≈≈≈≈## ###
#.###≈≈≈≈≈≈###.# #........≈≈....#
.##.(.......≈≈...#
........≈≈..b.≈..###
##....≈..≈≈..≈....##
.....?.≈..b.≈≈.....)###
##......≈≈⌠....O@.#...###########
#.......⌠≈≈......###.......#....
#....≈≈....≈b...#####.....†.._..
##..≈..≈≈..≈....(............>..
...≈....≈≈.....####....<.......
.....≈≈.........# #............
....≈≈.....[..# #............
##≈≈≈≈≈≈###.# #............ ≈≈≈≈#
### ##.......(...


You could see an ogre.

Vanquished Creatures
  An orc priest (D:3)
  Jessica (D:2)
  4 adders
  An ooze (D:3)
  A dart slug (D:2)
  2 leopard geckos
  2 orcs (D:3)
  4 giant cockroaches
  5 goblins
  4 hobgoblins
  4 jackals (D:1)
  A ball python (D:4)
  6 bats
  A frilled lizard (D:2)
  3 kobolds
  3 rats
43 creatures vanquished.

Notes
Turn   | Place    | Note
-------+----------+-------------------------------------------
     0 | D:1      | Lanoc the Minotaur Chaos Knight began the quest for the
                  | Orb.
     0 | D:1      | Reached XP level 1. HP: 19/19 MP: 0/0
    72 | D:1      | Reached XP level 2. HP: 27/27 MP: 1/1
    75 | D:1      | XOM: silly message
   132 | D:1      | Reached skill level 4 in Long Blades
   197 | D:2      | XOM is BORED!
   197 | D:2      | XOM: silly message
   200 | D:2      | Found an iron altar of Okawaru.
   293 | D:2      | Noticed Jessica
   295 | D:2      | Killed Jessica
   295 | D:2      | Reached XP level 3. HP: 33/33 MP: 2/2
   373 | D:2      | Reached XP level 4. HP: 35/40 MP: 3/3
   468 | D:3      | XOM: divination: detect creatures
   754 | D:3      | XOM: cast spell 'Summon Horrible Things'
   758 | D:3      | Reached skill level 5 in Long Blades
   791 | D:4      | Found a glowing silver altar of Zin.
   800 | D:4      | Reached XP level 5. HP: 43/47 MP: 4/4
   832 | D:4      | Noticed an ogre
   836 | D:4      | XOM: butterfly on damage
   847 | D:4      | HP: 2/47 [ogre/cursed +0 giant club (11)]
   850 | D:4      | Slain by an ogre

Vault maps used:
D:1:      roderic_crop_circles_arrival_small
D:2:      grunt_temple_overflow_opulence, old_standard_altar, uniq_natasha,
          uniq_jessica
D:3:      lemuel_blue_sif_altar, uniq_ijyb
D:4:      cheibrodos_helix_gallery, overflow_temple_1_default, first_ration,
          st_stairs_12, uniq_eustachio

Skill      XL: |  1  2  3  4 |
---------------+-------------+-----
Long Blades    | 4 5 |  5.2
Fighting       | 4 |  4.4
Armour         | 3 |  3.5
Dodging        | 2 |  2.5

Action                   |  1- 3 |  4- 6 || total
-------------------------+-------+-------++-------
Melee: Falchion          |    44 |    41 ||    85
       Headbutt          |     7 |     7 ||    14
Armor: Leather armour    |    22 |     5 ||    27
Dodge: Dodged            |    34 |    22 ||    56
       Rpst.: Falchion   |     9 |     6 ||    15

Table legend:
 A = Non-vault XP
 B = Vault XP
 C = Vault XP percentage of total XP
 D = Non-vault monster count
 E = Vault monster count
 F = Vault count percentage of total count
                 A         B        C        D         E       F
            +---------+---------+-------+---------+---------+-------
      Total |     164 |      38 |  18.8 |      41 |       2 |   4.7
            +---------+---------+-------+---------+---------+-------
        D:1 |      18 |       0 |   0.0 |      11 |       0 |   0.0
        D:2 |      61 |      37 |  37.8 |      20 |       1 |   4.8
        D:3 |      70 |       0 |   0.0 |       8 |       0 |   0.0
        D:4 |      15 |       1 |   6.2 |       2 |       1 |  33.3
            +---------+---------+-------+---------+---------+-------
